 Dungeon Crawl Stone Soup version 0.30-a0-347-gf58ed5266c (webtiles) character file.

Game seed: 15405157296625697315

3985 Lanoc the Fighter (level 10, -15/66 HPs)
             Began as a Gargoyle Fighter on Nov 5, 2022.
             Was a High Priest of Ignis.
             Demolished by a vault guard
             ... wielding a +0 broad axe
              (19 damage)
             ... in a bailey.
             The game lasted 00:14:40 (6448 turns).

Lanoc the Fighter (Gargoyle Fighter)                Turns: 6448, Time: 00:14:41

Health: -15/66     AC: 19    Str: 23    XL:     10   Next: 22%
Magic:  10/10      EV: 13    Int: 10    God:    Ignis [*****.]
Gold:   1505       SH: 11    Dex: 16    Spells: 9/9 levels left

rFire   + . .      SeeInvis .    b - +7 sling of Massacring {vorpal, rElec Dex+7}
rCold   . . .      Faith    .    c - +1 buckler
rNeg    + . .      Spirit   .    A - +1 scale mail of the Desolation of Salt {rCorr Slay+3 Stlth-}
rPois   ∞          Reflect  +    p - +0 helmet
rElec   +          Harm     .    (no cloak)
rCorr   +          Rampage  .    (no gloves)
Will    .....                    o - +0 pair of boots
Stlth   ..........               q - amulet of reflection
HPRegen 0.31/turn                u - ring of resist corrosion
MPRegen 0.12/turn                (no ring)

@: no status effects
A: sickness immunity, AC +7, negative energy resistance 1, electricity
resistance, torment resistance 1, petrification resistance
a: Renounce Religion, Fiery Armour, Foxfire Swarm, Rising Flame


You were in a bailey.
You worshipped Ignis.
Ignis was extremely pleased with you.
You visited 1 branch of the dungeon, and saw 7 of its levels.
You also visited: Sewer and Bailey.

You collected 1505 gold pieces.

Inventory:

Hand Weapons
 a - a +6 flail
 b - the +7 sling of Massacring (weapon) {vorpal, rElec Dex+7}
   (You found it on level 4 of the Dungeon)

   Any ammunition fired from it inflicts extra damage upon your enemies.
   Dex:       It affects your dexterity (+7).
   rElec:     It insulates you from electricity.
Armour
 c - a +1 buckler (worn)
 o - a +0 pair of boots (worn)
 p - a +0 helmet (worn)
 A - the +1 scale mail of the Desolation of Salt (worn) {rCorr Slay+3 Stlth-}
   (You found it on level 7 of the Dungeon)

   Slay:      It affects your accuracy & damage with ranged weapons and melee
   (+3).
   rCorr:     It protects you from acid and corrosion.
   Stlth:     It makes you less stealthy.
Jewellery
 q - an amulet of reflection (around neck)
 u - a ring of resist corrosion (left hand)
Wands
 k - a wand of mindburst (3)
 x - a wand of iceblast (9)
Scrolls
 e - 3 scrolls of teleportation
 f - a scroll of blinking
 n - 2 scrolls of fear
 r - 2 scrolls of enchant weapon
 w - a scroll of enchant armour
 y - a scroll of amnesia
Potions
 d - 5 potions of might
 g - 2 potions of magic {unknown}
 h - 2 potions of curing
 i - 2 potions of cancellation
 l - a potion of mutation
 m - 2 potions of lignification
 s - a potion of flight {unknown}
 t - 3 potions of haste
 z - a potion of brilliance


   Skills:
 + Level 9.4 Fighting
 - Level 4.8 Maces & Flails
 + Level 9.3 Armour
 + Level 6.5 Dodging
 - Level 3.2 Shields


You had 9 spell levels left.
You didn't know any spells.
Your spell library contained the following spells:

 Spells                   Type           Power      Damage    Failure   Level
 Dispel Undead            Necr           0%         3d6       100%        4
 Death Channel            Necr           0%         N/A       100%        6
 Cigotuvi's Dreadful Rot  Necr/Pois/Air  Unusable   N/A       N/A         2

Dungeon Overview and Level Annotations

Branches:
Dungeon (7/15)             Temple (0/1) D:5           Sewer (visited)
 Bailey (1/1)

Altars:
Cheibriados
Fedhas
Qazlal
The Shining One
Ignis

Shops:
D:4 (


Innate Abilities, Weirdness & Mutations

You are immune to sickness and miasma.
Your stone body is resilient. (AC +7)
You are immune to poison.
You resist negative energy. (rN+)
You are resistant to electric shocks. (rElec)
You are resistant to unholy torment.
You are immune to petrification.


Message History

The vault guard hits you with a +0 broad axe!
* * * LOW HITPOINT WARNING * * *
You feel much better.
The vault guard hits you but does no damage.
Aiming: Mindburst
Press: ? - help, Shift-Dir - straight line, f/p - vault guard
Aim: a vault guard, wielding a +0 broad axe and wearing a +4 chain mail (severely wounded, chance to affect: 29%)
The vault guard easily resists.
The vault guard hits you with a +0 broad axe!
Fire: b) +7 sling of Massacring {vorpal, rElec Dex+7}
Press: ? - help, Q - select action, (/) - cycle Shift-Dir - straight line, f/p - vault guard
Aim: a vault guard, wielding a +0 broad axe and wearing a +4 chain mail (severely wounded, 69% to hit)
You shoot a sling bullet. The sling bullet hits the vault guard!
The vault guard is almost dead.
The vault guard hits you with a +0 broad axe!
* * * LOW HITPOINT WARNING * * *
Fire: b) +7 sling of Massacring {vorpal, rElec Dex+7}
Press: ? - help, Q - select action, (/) - cycle Shift-Dir - straight line, f/p - vault guard
Aim: a vault guard, wielding a +0 broad axe and wearing a +4 chain mail (almost dead, 69% to hit)
You shoot a sling bullet.
The sling bullet hits the vault guard but does no damage.
The vault guard is almost dead.
The vault guard barely misses you.
The vault guard hits you but does no damage.
Fire: b) +7 sling of Massacring {vorpal, rElec Dex+7}
Press: ? - help, Q - select action, (/) - cycle Shift-Dir - straight line, f/p - vault guard
Aim: a vault guard, wielding a +0 broad axe and wearing a +4 chain mail (almost dead, 69% to hit)
You shoot a sling bullet. The sling bullet hits the vault guard.
The vault guard is almost dead.
The vault guard hits you with a +0 broad axe.
* * * LOW HITPOINT WARNING * * *
The vault guard hits you with a +0 broad axe!
* * * LOW HITPOINT WARNING * * *
Fire: b) +7 sling of Massacring {vorpal, rElec Dex+7}
Press: ? - help, Q - select action, (/) - cycle Shift-Dir - straight line, f/p - vault guard
Aim: a vault guard, wielding a +0 broad axe and wearing a +4 chain mail (almost dead, 69% to hit)
You shoot a sling bullet.
The sling bullet completely misses the vault guard.
The vault guard hits you with a +0 broad axe!!
You die...

##~.≈# ##~~.≈# #~~~.≈##
#### #~..~≈### #########
?.... #...~≈≈####≈≈#....##
!.....#....~~≈≈≈≈~~#.....#
...∩..'...~.~~~~~.†'..#...
?.....#........†...#..#...
!.... #.p@...~.~≈≈≈#..##..
#### #~.~.....~≈#######...
#≈~~~~~~~~~≈##.......#
##≈~~~~~~~~~≈#.....)##
##≈≈~~~~~≈≈##+#....))
###≈≈≈≈≈### ######†
####### #~~~'. #~~~~##
+~~~~ #


You could see a vault guard.

Vanquished Creatures
  A blink frog (Bailey)
  Prince Ribbit (D:5)
  The ghost of minbekrie the Chopper, an amateur MiFi of the Shining One (D:3)
  Eustachio (D:3)
  2 humans (Bailey)
  Edmund (D:4)
  A water moccasin (D:6)
  A sky beast (D:6)
  3 black bears
  An orc warrior (Bailey)
  3 ogres
  A centaur (D:5)
  3 phantoms
  2 kobold brigands
  3 necrophages (D:6)
  3 scorpions
  7 bullfrogs
  5 wights (D:6)
  A howler monkey (D:6)
  3 hounds
  A jelly (D:5)
  A gnoll bouda (D:5)
  3 iguanas
  3 orc wizards (D:4)
  4 gnolls
  6 adders
  8 river rats
  A shadow imp (D:6)
  2 white imps (D:5)
  4 worms (D:2)
  A dart slug (D:4)
  9 orcs
  13 ball pythons
  11 bats
  7 endoplasms
  A giant cockroach (D:2)
  4 goblins
  6 hobgoblins
  2 jackals (Sewer)
  18 kobolds
  3 quokkas
  9 frilled lizards
  10 rats
171 creatures vanquished.

Vanquished Creatures (others)
  3 fungi (D:5)
  70 plants
73 creatures vanquished.

Grand Total: 244 creatures vanquished

Notes
Turn   | Place    | Note
-------+----------+-------------------------------------------
     0 | D:1      | Lanoc the Gargoyle Fighter began the quest for the Orb.
     0 | D:1      | Reached XP level 1. HP: 14/14 MP: 1/1
   265 | D:1      | Reached XP level 2. HP: 19/19 MP: 2/2
   388 | D:1      | Found a faded altar of an unknown god.
   395 | D:1      | Prayed at the altar of an unknown god.
   395 | D:1      | Became a worshipper of Ignis, the Dying Flame
   824 | D:2      | Reached XP level 3. HP: 9/23 MP: 3/3
  1000 | D:2      | Reached skill level 1 in Dodging
  1354 | D:2      | Reached XP level 4. HP: 23/29 MP: 4/4
  2071 | D:3      | Found a runed translucent door.
  2071 | D:3      | Noticed minbekrie's ghost (amateur MiFi)
  2472 | D:3      | Killed minbekrie's ghost
  2473 | D:3      | Reached XP level 5. HP: 19/33 MP: 5/5
  2473 | D:3      | Reached XP level 6. HP: 22/38 MP: 6/6
  2567 | D:4      | Noticed Eustachio
  2637 | D:3      | Killed Eustachio
  2710 | D:4      | Identified the +7 sling of Massacring {vorpal, rElec Dex+7}
  2773 | D:4      | Noticed a black bear
  2774 | D:4      | Reached XP level 7. HP: 44/44 MP: 7/7
  2813 | D:4      | Reached skill level 5 in Fighting
  2813 | D:4      | Reached skill level 5 in Armour
  2934 | D:4      | Noticed Edmund
  2946 | D:4      | Killed Edmund
  3045 | D:4      | Found Nohihaed's Weapon Shoppe.
  3223 | D:5      | Entered Level 5 of the Dungeon
  3240 | D:5      | Reached XP level 8. HP: 51/51 MP: 8/8
  3249 | D:5      | Found a stormy altar of Qazlal.
  3250 | D:5      | Found a blossoming altar of Fedhas.
  3336 | D:5      | Found a staircase to the Ecumenical Temple.
  3509 | D:5      | Noticed Prince Ribbit
  3528 | D:5      | Killed Prince Ribbit
  3919 | D:5      | Reached XP level 9. HP: 57/57 MP: 9/9
  4200 | D:6      | Reached skill level 5 in Dodging
  4495 | D:6      | Found a glowing drain.
  4507 | Sewer    | Entered a sewer
  5282 | D:6      | Found a glowing golden altar of the Shining One.
  5308 | D:6      | Found a snail-covered altar of Cheibriados.
  6082 | D:7      | Identified a scroll of acquirement
  6082 | D:7      | Acquired 1039 gold pieces
  6180 | D:7      | Identified the +1 scale mail of the Desolation of Salt
                  | {rCorr Slay+3 Stlth-}
  6205 | D:7      | Found a flagged portal.
  6214 | Bailey   | Entered a bailey
  6233 | Bailey   | Reached XP level 10. HP: 47/65 MP: 10/10
  6423 | Bailey   | Noticed a vault guard
  6448 | Bailey   | Demolished by a vault guard

Illustrated notes

Levels and vault maps discovered:
D:1:      evilmike_arrival_hilbert_curve, layout_loops_ring,
          dreamdust_ecumenical_altar_hidden_monk_grotto
D:2:      minmay_razor_zed, layout_basic, minmay_tripent
D:3:      layout_rooms, hellmonk_ghost_happy_afterlife
D:4:      layout_cave_pools, serial_shops, nicolae_shop_behind_doors,
          uniq_eustachio, uniq_edmund
D:5:      kb_forest_paths, layout_loops_ring,
          grunt_temple_overflow_forces_of_nature, minmay_temple_entry_poolview,
          minivault_25, uniq_prince_ribbit1
D:6:      wad_woods_tower, layout_basic, mainiacjoe_overflow_swirl,
          portal_sewer_entry_a, st_stairs_11
D:7:      layout_gridville, enter_bailey_2, serial_park_tiny_pond,
          uniq_crazy_yiuf_cottage, uniq_menkaure
Bailey:   bailey_axe_froggy_fort_hellmonk, bailey

Skill      XL: |  1  2  3  4  5  6  7  8  9 10 |
---------------+-------------------------------+-----
Dodging        | 1 2 3 4 6 |  6.5
Maces & Flails | 3 4 |  4.8
Fighting       | 4 5 7 8 9 |  9.4
Armour         | 4 5 7 8 9 |  9.3
Shields        | |  3.2

Action                   |  1- 3 |  4- 6 |  7- 9 | 10-12 || total
-------------------------+-------+-------+-------+-------++-------
Melee: Flail             |   107 |   120 |     3 |       ||   230
       Sling             |       |       |     2 |       ||     2
 Fire: Sling             |       |     5 |   321 |    62 ||   388
Evoke: Wand              |       |       |       |     1 ||     1
  Use: Potion            |       |     2 |     4 |     2 ||     8
       Scroll            |       |       |    16 |       ||    16
Armor: Scale mail        |    53 |    97 |   159 |    25 ||   334
Dodge: Dodged            |    59 |    93 |   149 |    30 ||   331
Block: Buckler           |    23 |    79 |   157 |    31 ||   290
       Reflection        |       |       |     3 |       ||     3

Table legend: (Time is in decaauts)
 A = Elapsed time spent in this place.
 B = Non-inter-level travel time spent in this place.
 C = Inter-level travel time spent in this place.
 D = Time resting spent in this place.
 E = Time spent auto-exploring this place.
 F = Levels seen in this place.
 G = Mean time per level.
                   A        B        C        D        E       F      G
               +--------+--------+--------+--------+--------+-----+--------+
         Total |   6925 |   6528 |    397 |     60 |   4747 |   9 |  769.4 |
       Dungeon |   5691 |   5294 |    397 |     60 |   3986 |   7 |  813.0 |
         Sewer |    958 |    958 |      0 |      0 |    614 |   1 |  958.0 |
        Bailey |    275 |    275 |      0 |      0 |    147 |   1 |  275.0 |
               +--------+--------+--------+--------+--------+-----+--------+

Top non-repeatable levels by time:
     D:2: 1366 daAuts
     D:6: 1243 daAuts
     D:5: 990 daAuts
   Sewer: 958 daAuts
     D:1: 737 daAuts
     D:3: 658 daAuts
     D:4: 558 daAuts
  Bailey: 275 daAuts
     D:7: 136 daAuts
